 Dungeon Crawl Stone Soup version 0.30-a0-135-g630cfc4551 (webtiles) character file.

Game seed: 1088416607721324050

3448 testman the Thaumaturge (level 9, -4/52 HPs)
             Began as a Deep Elf Fire Elementalist on Sept 20, 2022.
             Was a Believer of Ashenzari.
             Slain by a yak (15 damage)
             ... on level 8 of the Dungeon.
             The game lasted 00:52:47 (8689 turns).

testman the Thaumaturge (DEFE)                      Turns: 8689, Time: 00:52:47

Health: -4/52      AC:  5    Str:  5    XL:     9   Next: 77%
Magic:  33/35      EV: 11    Int: 25    God:    Ashenzari [**....]
Gold:   366        SH:  4    Dex: 15    Spells: 17/30 levels left

rFire   . . .      SeeInvis +    i - +2 short sword of the Manifest Firmament {flame, Elem, Melee} (curse)
rCold   + . .      Faith    .    v - +0 buckler
rNeg    . . .      Spirit   .    b - +2 leather armour "Chained Boredom" {rC+, Range, Evo} (curse)
rPois   .          Reflect  .    (no helmet)
rElec   .          Harm     .    (no cloak)
rCorr   .          Rampage  .    (no gloves)
Will    +....                    (no boots)
Stlth   ++........               y - amulet "Seer of the Lashed God" {RegenMP, Evo, Self} (curse)
HPRegen 0.17/turn                n - ring of the Oracular Sky {Will+, Cun, Range} (curse)
MPRegen 0.64/turn                z - ring of magical power

@: no status effects
A: no striking features
a: Renounce Religion, Shatter the Chains


You were on level 8 of the Dungeon.
You worshipped Ashenzari.
Ashenzari was pleased with you.
You visited 2 branches of the dungeon, and saw 9 of its levels.
You also visited: Sewer.

You collected 392 gold pieces.
You spent 26 gold pieces at shops.

Inventory:

Hand Weapons
 a - a +2 dagger of freezing
 i - the cursed +2 short sword of the Manifest Firmament (weapon) {flame, Elem, Melee}
   (You took it off a kobold on level 1 of the Dungeon)

   It burns those it strikes, dealing additional fire damage.
   It has a curse which improves the following skills: Elements: Fire Magic, Ice
   Magic, Air Magic and Earth Magic.
   Melee Combat: Short Blades, Long Blades, Axes, Maces & Flails, Polearms,
   Staves and Unarmed Combat.
Missiles
 c - 14 poisoned darts
Armour
 b - the cursed +2 leather armour "Chained Boredom" (worn) {rC+, Range, Evo}
   (You took it off Duvessa on level 4 of the Dungeon)

   It has a curse which improves the following skills: Ranged Combat: Ranged
   Weapons and Throwing.
   Evocations: Evocations.
 v - a +0 buckler (worn)
Jewellery
 e - an amulet of regeneration
 n - the cursed ring of the Oracular Sky (left hand) {Will+, Cun, Range}
   (You found it in a sewer)

   [ring of willpower]

   Will:      It increases your willpower.
   It has a curse which improves the following skills: Cunning: Dodging and
   Stealth.
   Ranged Combat: Ranged Weapons and Throwing.
 y - the cursed amulet "Seer of the Lashed God" (around neck) {RegenMP, Evo, Self}
   (You found it on level 6 of the Dungeon)

   [amulet of magic regeneration]

   It increases your rate of magic regeneration.
   It has a curse which improves the following skills: Evocations: Evocations.
   Introspection: Fighting and Spellcasting.
 z - a ring of magical power (right hand)
 A - a ring of resist corrosion
 D - a +6 ring of strength
Wands
 o - a wand of flame (33)
 q - a wand of mindburst (2)
 r - a wand of roots (13)
 t - a wand of digging (5)
Scrolls
 f - a scroll of poison
 g - a scroll of vulnerability
 h - 4 scrolls of teleportation
 m - 2 scrolls of enchant weapon
 p - 2 scrolls of blinking
 s - 3 scrolls of magic mapping
 x - 3 scrolls of brand weapon
 B - a scroll of silence
 C - 2 scrolls of fog
Potions
 d - 6 potions of lignification
 j - 5 potions of curing
 k - a potion of attraction
 l - a potion of mutation
 u - 3 potions of might
 w - a potion of brilliance


   Skills:
 + Level 2.6(3.7) Fighting
 + Level 3.3(4.4) Short Blades
 - Level 2.4(3.4) Dodging
 - Level 2.4(3.4) Stealth
 - Level 1.0 Shields
 + Level 9.8(11.0) Spellcasting
 + Level 7.5 Conjurations
 - Level 2.0 Hexes
 - Level 3.0 Translocations
 + Level 8.6(9.8) Fire Magic
 - Level 2.0(3.0) Air Magic


You had 17 spell levels left.
You knew the following spells:

 Your Spells              Type           Power      Damage    Failure   Level
a - Foxfire               Conj/Fire      100%       2x1d9     1%          1
b - Scorch                Fire           100%       2d10      1%          2
c - Kindle Blastsparks    Fire/Tloc/Air  80%        2d16      3%          3
d - Flame Wave            Conj/Fire      55%        2d13      2%          4
e - Inner Flame           Hex/Fire       43%        N/A       2%          3

Your spell library contained the following spells:

 Spells                   Type           Power      Damage    Failure   Level
 Slow                     Hex            92%        N/A       4%          1
 Confusing Touch          Hex            23%        N/A       13%         3
 Sublimation of Blood     Necr           13%        N/A       16%         2
 Vampiric Draining        Necr           13%        2d6       30%         3
 Irradiate                Conj/Tmut      16%        3d17      52%         5
 Petrify                  Tmut/Erth      14%        N/A       67%         4


Dungeon Overview and Level Annotations

Branches:
Dungeon (8/15)             Temple (1/1) D:6           Sewer (visited)
   Lair: D:8-11

Altars:
Ashenzari
Cheibriados
Dithmenos
Elyvilon
Fedhas
Gozag
Hepliaklqana
Kikubaaqudgha
Makhleb
Nemelex Xobeh
Okawaru
Qazlal
Ru
Sif Muna
Trog
Uskayaw
Vehumet
Wu Jian
Xom
Yredelemnul
Zin
The Shining One

Shops:
D:7 *


Message History

The gnoll bouda is severely wounded.
The foxfire hits the gnoll bouda but does no damage.
The gnoll bouda is severely wounded.
The gnoll hits you from afar with a +0 halberd!
A kobold comes into view. It is wielding a +0 dagger.
The gnoll bouda hits you with a +0 club.
Casting: Scorch (safe; 1% risk of failure)
Confirm with . or Enter, or press ? or * to list all spells.
Flames lash the gnoll.
The gnoll is burned terribly!
You kill the gnoll!
The gnoll bouda is no longer more vulnerable to fire.
The gnoll bouda closely misses you.
Casting: Scorch (safe; 1% risk of failure)
Confirm with . or Enter, or press ? or * to list all spells.
Flames lash the gnoll bouda.
The gnoll bouda is almost dead.
The gnoll bouda's fire resistance burns away.
A yak comes into view. x2
The gnoll bouda hits you with a +0 club.
You hit the gnoll bouda. You burn the gnoll bouda.
You kill the gnoll bouda!
A kobold brigand comes into view.
It is wielding a +0 dagger and quivering poisoned darts.
A yak comes into view. x2
The yak moves out of view.
The yak attacks as you move away! The yak gores you!
A sky beast comes into view.
The yak attacks as you move away! The yak gores you.
The yak attacks as you move away! The yak barely misses you.
Casting: Scorch (safe; 1% risk of failure)
Confirm with . or Enter, or press ? or * to list all spells.
Flames lash the yak.
The yak is lightly wounded.
The yak's fire resistance burns away.
You hear a bellow!
The yak gores you!
* * * LOW HITPOINT WARNING * * *
The sky beast flickers out of sight for a moment.
You hear a shout! x3
You feel better. The yak gores you!
You die...

, .... * #.........# * ....,
#.........# ... .....
#.........# #...
.....#######.........# #... ,
...........#.........# #...
...........#>........# #... ,
........)..#####....## #... ,
.....YY..K.#####....######...
Y.....Y.YY.Y@..'....'....'...
,,
.....)...#######....######...
....Y#............###.....)))
.....###..#######..#..#######
.... Y.##,, ##...## # .K. ,
.## , , ##.## , * , ... .#* ,
,, , ###, , ,,, . ,, ,,, , *
, , * , , ,, ,* *,* *,


You could see 5 yaks, a sky beast (invisible) and a kobold.

Vanquished Creatures
  Pikel (D:4)
  A wraith (D:7)
  A steam dragon (D:6)
  Menkaure (D:4)
  Duvessa (D:4)
  An orc warrior (D:7)
  An ice beast (D:7)
  2 ogres
  A centaur (D:6)
  A kobold brigand (D:8)
  3 bullfrogs
  A necrophage (D:5)
  4 scorpions
  6 wights
  Dowan (D:4)
  A howler monkey (D:6)
  2 jellies
  6 hounds
  A gnoll bouda (D:8)
  2 orc priests
  5 iguanas
  5 orc wizards
  4 hell rats (D:7)
  Natasha (thrice) (D:2)
  10 adders
  2 gnolls
  7 river rats (D:7)
  A shadow imp (D:7)
  3 white imps
  3 worms
  2 dart slugs
  15 orcs
  5 ball pythons
  4 endoplasms
  15 giant cockroaches
  10 goblins
  7 hobgoblins
  15 jackals
  10 kobolds
  14 quokkas
  5 bats
  9 frilled lizards
  15 rats
  2 bushes (D:2)
  A butterfly (D:6)
210 creatures vanquished.

Vanquished Creatures (others)
  A butterfly (D:4)
  204 foxfires
205 creatures vanquished.

Grand Total: 415 creatures vanquished

Notes
Turn   | Place    | Note
-------+----------+-------------------------------------------
     0 | D:1      | testman the Deep Elf Fire Elementalist began the quest for
                  | the Orb.
     0 | D:1      | Reached XP level 1. HP: 10/10 MP: 6/6
    57 | D:1      | Found a faded altar of an unknown god.
   336 | D:1      | Reached XP level 2. HP: 15/15 MP: 6/8
   380 | D:1      | Learned a level 2 spell: Scorch
  1158 | D:2      | Reached XP level 3. HP: 19/19 MP: 3/10
  1162 | D:2      | Learned a level 3 spell: Kindle Blastsparks
  1398 | D:2      | Noticed Natasha
  1409 | D:2      | Killed Natasha
  1410 | D:2      | Reached skill level 1 in Translocations
  1515 | D:2      | Noticed Natasha
  1519 | D:2      | Reached skill level 4 in Spellcasting
  1519 | D:2      | Killed Natasha
  1520 | D:2      | Reached skill level 1 in Air Magic
  1520 | D:2      | Reached XP level 4. HP: 24/24 MP: 6/12
  1946 | D:2      | Noticed Natasha
  1950 | D:2      | Killed Natasha
  2277 | D:3      | Found a shadowy altar of Dithmenos.
  2369 | D:3      | Found a snail-covered altar of Cheibriados.
  2372 | D:3      | Found a sparkling altar of Nemelex Xobeh.
  2414 | D:3      | Reached XP level 5. HP: 28/28 MP: 8/13
  2533 | D:3      | Found a shimmering altar of Xom.
  2726 | D:3      | Found a stormy altar of Qazlal.
  2746 | D:3      | Found an iron altar of Okawaru.
  2764 | D:3      | Found a glowing drain.
  2780 | Sewer    | Entered a sewer
  3333 | Sewer    | Reached skill level 5 in Spellcasting
  3333 | Sewer    | Reached XP level 6. HP: 32/32 MP: 11/15
  3525 | D:3      | Found a broken altar of Ashenzari.
  3532 | D:3      | Became a worshipper of Ashenzari the Shackled
  3953 | D:4      | Noticed Menkaure
  3954 | D:4      | Reached skill level 5 in Fire Magic
  3966 | D:4      | Killed Menkaure
  3967 | D:4      | Reached skill level 6 in Spellcasting
  3967 | D:4      | Reached XP level 7. HP: 15/36 MP: 4/18
  3972 | D:4      | Learned a level 4 spell: Flame Wave
  3974 | D:4      | Noticed Pikel
  4086 | D:4      | Killed Pikel
  4087 | D:4      | Reached skill level 7 in Spellcasting
  4087 | D:4      | Reached skill level 5 in Conjurations
  4288 | D:4      | Reached XP level 8. HP: 41/41 MP: 15/20
  4292 | D:4      | Learned a level 3 spell: Inner Flame
  4447 | D:4      | Reached skill level 1 in Hexes
  4453 | D:4      | Noticed Dowan
  4456 | D:4      | Noticed Duvessa
  4458 | D:4      | Killed Dowan
  4470 | D:4      | Killed Duvessa
  4471 | D:4      | Reached skill level 1 in Shields
  4603 | D:4      | Found a white marble altar of Elyvilon.
  4727 | D:5      | Entered Level 5 of the Dungeon
  4976 | D:5      | Found a blossoming altar of Fedhas.
  5160 | D:5      | Reached skill level 8 in Spellcasting
  5374 | D:6      | Found a staircase to the Ecumenical Temple.
  5577 | D:6      | Found a burning altar of Makhleb.
  5636 | Temple   | Entered the Ecumenical Temple
  5911 | D:6      | Reached * piety under Ashenzari
  5928 | D:6      | Reached XP level 9. HP: 29/46 MP: 15/23
  6064 | D:6      | Reached skill level 1 in Short Blades
  6200 | D:6      | Reached skill level 1 in Fighting
  6221 | D:6      | Reached skill level 9 in Spellcasting
  6844 | D:7      | Found Tid Puzom's Assorted Antiques.
  6848 | D:7      | Bought a scroll labelled EMPANE GITITU for 26 gold pieces
  6872 | D:7      | Reached ** piety under Ashenzari
  7203 | D:7      | Found a shimmering blue altar of Sif Muna.
  8689 | D:8      | Slain by a yak

Illustrated notes

Levels and vault maps discovered:
D:1:      dpeg_arrival_pond, layout_basic, shapermc_ecumenical_altar_acropolis,
          chequers_serial_rivers_micro_e, grunt_decor_mini_mirrors,
          minmay_door_square, minmay_misc_feat_x, st_stairs_5
D:2:      layout_basic, cheibrodos_gnoll_hut, uniq_natasha
D:3:      layout_loops_corners, mainiacjoe_overflow_catwalk,
          cheibrodos_ashenzari_chains, okawaru_trees_1, tgw_xom,
          overflow_temple_1_default, nicolae_overflow_squiral,
          cheibrodos_sewer_entry_bend, minmay_misc_feat_secret_circle,
          dk_vineyard_3
D:4:      layout_rooms, nicolae_elyvilon_peaceful_grove, uniq_pikel,
          uniq_menkaure, uniq_duvessa
D:5:      layout_gridville, nicolae_overflow_crystal_walls
D:6:      layout_basic, makhleb_heckhound_becter,
          minmay_temple_entry_butterflies, minmay_chambers_of_fives
D:7:      lemuel_ratsnest, layout_loops_ring, mainiacjoe_overflow_paths,
          serial_shops, nicolae_shop_hallway_stairs, minmay_strange_pillars,
          minivault_26
D:8:      minmay_the_grid_octo_2x2 [minmay_the_grid_octo_empty,
          minmay_the_grid_octo_focus, minmay_the_grid_octo_clover_2,
          minmay_the_grid_octo_prize_star], layout_basic, uniq_prince_ribbit1
Temple:   grunt_temple_mini_profane

Skill      XL: |  1  2  3  4  5  6  7  8  9 |
---------------+----------------------------+-----
Conjurations   | 2 3 4 5 6 7 |  7.5
Translocations | 1 2 3 |  3.0
Fire Magic     | 4 5 6 7 8 |  8.6
Spellcasting   | 4 5 6 7 8 9 |  9.8
Air Magic      | 1 2 |  2.0
Hexes          | 2 |  2.0
Shields        | 1 |  1.0
Short Blades   | 3 |  3.3
Fighting       | 2 |  2.6
Dodging        | |  2.4
Stealth        | |  2.4

Action                   |  1- 3 |  4- 6 |  7- 9 || total
-------------------------+-------+-------+-------++-------
Melee: Dagger            |    13 |       |       ||    13
       Short sword       |    17 |    21 |    19 ||    57
       Punch             |     1 |       |       ||     1
 Cast: Foxfire           |    21 |    31 |    57 ||   109
       Scorch            |    20 |    44 |   126 ||   190
       Kindle Blastspark |       |     4 |    16 ||    20
       Flame Wave        |       |       |     4 ||     4
       Inner Flame       |       |       |     3 ||     3
Invok: Curse Item        |       |       |     4 ||     4
  Use: Scroll            |       |     3 |     7 ||    10
       Potion            |       |       |     2 ||     2
 Stab: Sleeping          |     1 |     1 |       ||     2
       Distracted        |     1 |       |       ||     1
Armor: Robe              |     4 |     3 |     1 ||     8
       Leather armour    |       |       |     3 ||     3
Dodge: Dodged            |    31 |    20 |    16 ||    67
Block: Buckler           |       |       |    10 ||    10

Table legend: (Time is in decaauts)
 A = Elapsed time spent in this place.
 B = Non-inter-level travel time spent in this place.
 C = Inter-level travel time spent in this place.
 D = Time resting spent in this place.
 E = Time spent auto-exploring this place.
 F = Levels seen in this place.
 G = Mean time per level.
                   A        B        C        D        E       F      G
               +--------+--------+--------+--------+--------+-----+--------+
         Total |   8733 |   8414 |    319 |    975 |   5961 |  10 |  873.3 |
       Dungeon |   7909 |   7628 |    281 |    823 |   5479 |   8 |  988.6 |
        Temple |    212 |    174 |     38 |      0 |    173 |   1 |  212.0 |
         Sewer |    610 |    610 |      0 |    152 |    309 |   1 |  610.0 |
               +--------+--------+--------+--------+--------+-----+--------+

Top non-repeatable levels by time:
     D:7: 1731 daAuts
     D:3: 1162 daAuts
     D:1: 1147 daAuts
     D:6: 1100 daAuts
     D:2: 1074 daAuts
     D:5: 806 daAuts
     D:4: 776 daAuts
   Sewer: 610 daAuts
  Temple: 212 daAuts
     D:8: 111 daAuts
